 Seeded DCSS version 0.28.0-1-gb440e238dd (webtiles) character file.

Game seed: 10844669733645250963 (custom seed)

2342 hikkokomori the Fighter (level 9, 0/78 HPs)
             Began as a Formicid Fighter on Feb 25, 2022.
             Was a Follower of Okawaru.
             Slain by a two-headed ogre (16 damage)
             ... on level 8 of the Dungeon.
             The game lasted 00:11:04 (7569 turns).

hikkokomori the Fighter (Formicid Fighter)          Turns: 7569, Time: 00:11:04

Health: 0/78       AC:  8    Str: 22    XL:     9   Next: 70%
Magic:  9/9        EV: 10    Int:  9    God:    Okawaru [*.....]
Gold:   327        SH:  9    Dex: 12    Spells: 8/8 levels left

rFire   . . .      SeeInvis +   a - +0 war axe
rCold   + . .      Faith    .   c - +0 buckler
rNeg    . . .      Spirit   .   i - +2 ring mail {rC+}
rPois   .          Reflect  +   (helmet unavailable)
rElec   .          Harm     .   (no cloak)
rCorr   .          Rampage  .   (no gloves)
Will    +....                   n - +0 pair of boots
Stlth   +.........              A - amulet of reflection
HPRegen 0.23/turn               f - ring of willpower
MPRegen 0.11/turn               (no ring)

@: no status effects
A: permanent stasis, dig shafts and tunnels, antennae 3, four strong arms
a: Dig, Shaft Self, Renounce Religion, Heroism


You were on level 8 of the Dungeon.
You worshipped Okawaru.
Okawaru was aware of your devotion.
You visited 2 branches of the dungeon, and saw 9 of its levels.

You collected 327 gold pieces.

Inventory:

Hand Weapons
 a - a +0 war axe (weapon)
 m - the +9 heavy crossbow "Sniper" {vorpal, Acc+∞ SInv}
   (You found it on level 2 of the Dungeon)

   Any ammunition fired from it inflicts extra damage upon your enemies.
   Any ammunition fired from it never misses its target.
   SInv:      It lets you see invisible.
Missiles
 t - 47 bolts
Armour
 b - a +0 scale mail
 c - a +0 buckler (worn)
 i - a +2 ring mail of cold resistance (worn)
 n - a +0 pair of boots (worn)
 s - a +0 pair of gloves
Jewellery
 f - a ring of willpower (left hand)
 A - an amulet of reflection (around neck)
Wands
 e - a wand of flame (19)
 w - a wand of iceblast (7)
Scrolls
 g - a scroll of immolation {unknown}
 k - a scroll of summoning
 l - 3 scrolls of enchant weapon
 o - a scroll of torment
 p - 2 scrolls of teleportation
 u - a scroll of amnesia {unknown}
 v - a scroll of brand weapon {unknown}
 y - a scroll of magic mapping
 C - a scroll of holy word {unknown}
 D - 2 scrolls of identify
 E - a scroll of fog {unknown}
 F - a scroll of enchant armour {unknown}
Potions
 d - a potion of heal wounds
 h - 3 potions of curing
 j - a potion of flight
 q - 3 potions of attraction
 r - 3 potions of mutation
 x - a potion of degeneration
 z - a potion of magic
 B - a potion of might


   Skills:
 - Level 10.1 Fighting
 - Level 9.0 Axes
 + Level 0.0 Crossbows
 - Level 3.3 Armour
 - Level 3.6 Shields


You had 8 spell levels left.
You didn't know any spells.
Your spell library contained the following spells:

 Spells                   Type           Power      Damage    Failure   Level
 Apportation              Tloc           0%         N/A       61%         1
 Static Discharge         Conj/Air       0%         N/A       75%         2
 Ignite Poison            Fire/Tmut/Pois 0%         N/A       93%         3
 Mephitic Cloud           Conj/Pois/Air  0%         N/A       93%         3
 Dispel Undead            Necr           0%         3d6       100%        4
 Sticky Flame             Conj/Fire      0%         2d3       100%        4
 Alistair's Intoxication  Tmut/Pois      0%         N/A       100%        5
 Fireball                 Conj/Fire      0%         3d3       100%        5
 Freezing Cloud           Conj/Ice/Air   0%         6-21      100%        5
 Iskenderun's Battlesphe  Conj           0%         2d6       100%        5
 Conjure Ball Lightning   Conj/Air       0%         3x3d6     100%        6
 Orb of Destruction       Conj           0%         9d5       100%        7


Dungeon Overview and Level Annotations

Branches:
Dungeon (8/15)             Temple (1/1) D:7
   Lair: D:8-11

Altars:
Ashenzari
Cheibriados
Dithmenos
Elyvilon
Fedhas
Gozag
Hepliaklqana
Kikubaaqudgha
Makhleb
Nemelex Xobeh
Okawaru
Qazlal
Ru
Sif Muna
Trog
Uskayaw
Vehumet
Wu Jian
Xom
Zin
The Shining One


Innate Abilities, Weirdness & Mutations

You cannot be hasted, slowed, berserked, paralysed or teleported.
You can dig through walls and to a lower floor.
You have a pair of large antennae on your head. (SInv)
Your four strong arms can wield two-handed weapons with a shield.


Message History

You see here 23 stones.
You see here a +0 hunting sling.
Things that are here:
22 arrows; a +0 shortbow
There is a stone staircase leading down here.
You climb downwards.
Found 16 stones and 13 gold pieces.
Found a stone staircase leading up.
There is a stone staircase leading up here.
You sense a monster nearby.
You now have 327 gold pieces (gained 13).
A two-headed ogre comes into view. It is wielding two +0 giant clubs.
The two-headed ogre shouts in stereo!
Fire: 48 bolts
Press: ? - help, Q - select action, (/) - cycle Shift-Dir - straight line, f - two-headed ogre
Aim: a two-headed ogre, wielding two +0 giant clubs (100% to hit)
You shoot a bolt. The bolt hits the two-headed ogre!
The two-headed ogre is moderately wounded.
There is a stone staircase leading up here.
a - a +0 war axe (weapon)
You hit the two-headed ogre but do no damage.
The two-headed ogre is lightly wounded.
The two-headed ogre hits you with a +0 giant club!!
The two-headed ogre closely misses you.
You slash the two-headed ogre!
The two-headed ogre is heavily wounded.
The two-headed ogre closely misses you.
The two-headed ogre hits you but does no damage.
You slash the two-headed ogre!
The two-headed ogre is severely wounded.
The two-headed ogre hits you with a +0 giant club!!
The two-headed ogre hits you with a +0 giant club!
* * * LOW HITPOINT WARNING * * *
You barely miss the two-headed ogre.
The two-headed ogre is severely wounded.
Unknown command.
You slash the two-headed ogre!
The two-headed ogre is almost dead.
The two-headed ogre barely misses you.
The two-headed ogre hits you with a +0 giant club!
You die... .# ####.#.## #....(....#### #.#.# ..... ..####.#.## ##..... ...........# PPPPP..

...#####.#.##P$$$P..
#.O.#...P$$$P..
#@#####.P$$$P..
#...#...PPPPP.#
#.#.#..###.#.##
#.#....##.....
#.#........#..#
#.####.###.#(.. #.#
#<........
........#######
###.#####


You could see a two-headed ogre.

Vanquished Creatures
  A centaur zombie (D:6)
  Maggie (D:7)
  A hornet (D:7)
  Sigmund (D:3)
  A water moccasin (D:6)
  2 ice beasts
  2 ogres
  A centaur (D:7)
  A kobold brigand (D:7)
  A bullfrog (D:6)
  A scorpion (D:6)
  3 wights (D:6)
  3 hounds
  2 bullfrog zombies (D:6)
  2 orc priests
  A centaur skeleton (D:3)
  An iguana (D:6)
  3 orc wizards
  2 killer bee zombies
  Robin (D:2)
  3 adders
  3 ufetubi (D:6)
  4 worms
  2 dart slugs
  11 orcs
  13 bats
  12 endoplasms
  5 giant cockroaches
  18 goblins
  8 hobgoblins
  2 quokkas (D:1)
  9 ball pythons
  3 frilled lizards (D:1)
  9 kobolds
  7 rats
140 creatures vanquished.

Vanquished Creatures (others)
  25 plants
25 creatures vanquished.

Grand Total: 165 creatures vanquished

Notes
Turn   | Place    | Note
-------+----------+-------------------------------------------
     0 | D:1      | hikkokomori the Formicid Fighter began the quest for the
                  | Orb.
     0 | D:1      | Reached XP level 1. HP: 18/18 MP: 1/1
    53 | D:1      | Reached XP level 2. HP: 24/24 MP: 2/2
   311 | D:1      | Reached XP level 3. HP: 30/30 MP: 3/3
   348 | D:1      | Found a faded altar of an unknown god.
   354 | D:1      | Reached skill level 4 in Fighting
   703 | D:2      | Reached XP level 4. HP: 10/37 MP: 4/4
  1435 | D:2      | Noticed Robin
  1445 | D:2      | Killed Robin
  1622 | D:2      | Found the +9 heavy crossbow "Sniper" {vorpal, Acc+∞ SInv}
  1682 | D:2      | Reached XP level 5. HP: 43/43 MP: 5/5
  2189 | D:3      | Reached skill level 5 in Fighting
  2353 | D:3      | Noticed Sigmund
  2377 | D:3      | Killed Sigmund
  2378 | D:3      | Reached XP level 6. HP: 43/52 MP: 6/6
  2840 | D:4      | Reached skill level 6 in Fighting
  2843 | D:4      | Reached skill level 5 in Axes
  2843 | D:4      | Reached XP level 7. HP: 49/58 MP: 7/7
  3793 | D:5      | Entered Level 5 of the Dungeon
  4335 | D:5      | Reached skill level 7 in Fighting
  4540 | D:5      | You fall into a shaft and drop 2 floors!
  4567 | D:7      | Reached XP level 8. HP: 67/67 MP: 8/8
  4864 | D:7      | Noticed a hornet
  4971 | D:7      | Noticed Maggie
  4989 | D:7      | Killed Maggie
  4990 | D:7      | Reached skill level 8 in Fighting
  5448 | D:7      | Found a staircase to the Ecumenical Temple.
  5457 | Temple   | Entered the Ecumenical Temple
  5706 | Temple   | Became a worshipper of Warmaster Okawaru
  5792 | D:6      | Reached XP level 9. HP: 61/75 MP: 9/9
  6180 | D:6      | Reached skill level 9 in Fighting
  6410 | D:6      | Reached * piety under Okawaru
  7233 | D:7      | Killed a hornet
  7234 | D:7      | Reached skill level 10 in Fighting
  7557 | D:8      | Noticed a two-headed ogre
  7569 | D:8      | Slain by a two-headed ogre

Illustrated notes

Levels and vault maps discovered:
D:1:      dpeg_arrival_arbitrary_c, layout_basic,
          dreamdust_ecumenical_altar_grove
D:2:      layout_basic, uniq_robin
D:3:      wad_woods_pond, layout_rooms, roderic_batcave, uniq_sigmund
D:4:      nicolae_cairo_tiling_large, layout_loops_corners
D:5:      layout_rooms, grunt_decor_arrowhead
D:6:      layout_basic
D:7:      layout_loops_ring, minmay_temple_entry_butterflies,
          serial_co_window_serial, co_window_paths_a, co_window_paths_a,
          co_window_corner_a, co_window_paths_a, co_window_cross_1,
          co_window_corner_a, co_window_corner_b, co_window_broadway_c,
          co_window_broadway_a, co_window_broadway_a,
          co_window_of_opportunity_b, co_window_corner_b, co_window_paths_d,
          glass_columns_a, glass_columns_c, glass_columns_b, glass_columns_a,
          minmay_misc_feat_square, kennysheep_nondescript, uniq_maggie
D:8:      layout_loops_cross, minmay_gold_behind_fungi
Temple:   mainiacjoe_temple_archimedes_tessellation

Skill      XL: |  1  2  3  4  5  6  7  8  9 |
---------------+----------------------------+-----
Fighting       | 4 5 6 7 8 10 | 10.1
Axes           | 3 4 5 6 7 9 |  9.0
Armour         | |  3.3
Shields        | |  3.6

Action                   |  1- 3 |  4- 6 |  7- 9 || total
-------------------------+-------+-------+-------++-------
Melee: War axe           |    96 |   162 |   207 ||   465
 Fire: Heavy crossbow    |       |       |     3 ||     3
 Abil: Shaft Self        |       |       |     1 ||     1
  Use: Scroll            |       |       |    13 ||    13
       Potion            |       |       |     4 ||     4
Armor: Scale mail        |    51 |       |       ||    51
       Ring mail         |    12 |    75 |    88 ||   175
       Skin              |       |       |    22 ||    22
Dodge: Dodged            |    57 |   102 |    99 ||   258
Block: Buckler           |    26 |    55 |    60 ||   141
